 Dungeon Crawl Stone Soup version 0.27-a0-1378-gdefffd1ff6 (webtiles) character file.

Game seed: 8038598551250287219

74 Dittersdorf the Skirmisher (level 4, -6/29 HPs)
             Began as a Gargoyle Fighter on June 29, 2021.
             Mangled by Terence (9 damage)
             ... on level 1 of the Dungeon.
             The game lasted 00:01:57 (1689 turns).

Dittersdorf the Skirmisher (Gargoyle Fighter)       Turns: 1689, Time: 00:01:58

Health: -6/29      AC: 10    Str: 21    XL:     4   Next: 30%
Magic:  4/4        EV:  7    Int:  8    God:
Gold:   32         SH:  9    Dex:  9    Spells: 3/3 levels left

rFire    . . .     SeeInvis .   a - +0 flail
rCold    . . .     Faith    .   c - +0 kite shield
rNeg     + . .     Spirit   .   b - +0 scale mail
rPois    ∞         Reflect  .   (no helmet)
rElec    +         Harm     .   (no cloak)
rCorr    .         Rampage  .   (no gloves)
Will     .....                  (no boots)
Stlth    ..........             (no amulet)
HPRegen  0.09/turn              (no ring)
MPRegen  0.09/turn              (no ring)

@: no status effects
A: sickness immunity, AC +3, negative energy resistance 1, electricity
resistance, torment resistance 1, petrification resistance
a: no special abilities


You were on level 1 of the Dungeon.
You visited 1 branch of the dungeon, and saw 2 of its levels.

You collected 32 gold pieces.

Inventory:

Hand Weapons
 a - a +0 flail (weapon)
Armour
 b - a +0 scale mail (worn)
 c - a +0 kite shield (worn)
Scrolls
 e - a scroll of enchant weapon {unknown}
 h - 3 scrolls of identify {unknown}
Potions
 d - a potion of might
 f - a potion of curing {unknown}
 g - a potion of flight {unknown}


   Skills:
 + Level 4.0 Fighting
 + Level 2.8 Maces & Flails
 + Level 3.9 Armour
 + Level 3.9 Shields


You had 3 spell levels left.
You didn't know any spells.
Your spell library was empty.

Dungeon Overview and Level Annotations

Branches:
Dungeon (2/15)

Altars:
Fedhas

Annotations:
D:1 Terence


Innate Abilities, Weirdness & Mutations

You are immune to sickness and miasma.
Your stone body is resilient. (AC +3)
You are immune to poison.
You resist negative energy. (rN+)
You are resistant to electric shocks. (rElec)
You are resistant to unholy torment.
You are immune to petrification.


Message History

You are too injured to fight recklessly!
You are too injured to fight recklessly!
You are too injured to fight recklessly!
You are too injured to fight recklessly!
You are too injured to fight recklessly!
You are too injured to fight recklessly!
You are too injured to fight recklessly!
You are too injured to fight recklessly!
You are too injured to fight recklessly!
You are too injured to fight recklessly!
You are too injured to fight recklessly!
You are too injured to fight recklessly!
You are too injured to fight recklessly!
The hobgoblin hits you but does no damage.
You see here a frilled lizard corpse.
Terence screams, "I want your blood!"
There is a stone staircase leading up here.
Terence hits you but does no damage.
You climb upwards.
There is a stone staircase leading down here.
You barely miss Terence.
Terence is heavily wounded.
Terence completely misses you.
You hit Terence but do no damage.
Terence is heavily wounded.
Terence hits you but does no damage. x2
You closely miss Terence.
Terence is heavily wounded.
Terence hits you with a +0 mace!
* * * LOW HITPOINT WARNING * * *
You hit Terence but do no damage.
Terence is moderately wounded.
You block Terence's attack. Terence closely misses you.
You hit Terence but do no damage.
Terence is moderately wounded.
You block Terence's attack.
You hit Terence.
Terence is heavily wounded.
Terence hits you but does no damage. Terence hits you with a +0 mace!
You die...

##.##............###.###.#
#.###. ......##..........#.##
#.# #.# #.
##.#####..#.####.#.## #.# #†#
#. ##.#
#..#......#.#####.###.# #)
##.#####..#.###..............#
#. ##..........#
##.#....####.### #.
########..#.# #.####.# #.# #.
..# #..#.####.# #.# #.# #. #.#
#.......@@####.####.## #. #.#
##.#.....÷..>....##..# #. #.#
#.#.#########(#.###.####. #.#
#..........##)#.#........ #.#
###.######.##.#.......... #.#
##.## #.##.###.#.####. #.####
##...## #.##.....#.# #. .....#
##.....####...######.# #.
#.##.# #.............# #.# #.


You could see Terence.

Vanquished Creatures
  A hound (D:1)
  A gnoll (D:2)
  A dart slug (D:1)
  A ball python (D:1)
  3 endoplasms
  2 giant cockroaches (D:1)
  A goblin (D:1)
  6 hobgoblins (D:1)
  2 quokkas (D:1)
  5 bats
  A frilled lizard (D:2)
  4 kobolds (D:1)
  3 rats (D:1)
31 creatures vanquished.

Notes
Turn   | Place    | Note
-------+----------+-------------------------------------------
     0 | D:1      | Dittersdorf the Gargoyle Fighter began the quest for the
                  | Orb.
     0 | D:1      | Reached XP level 1. HP: 14/14 MP: 1/1
   444 | D:1      | Reached XP level 2. HP: 19/19 MP: 2/2
   821 | D:1      | Reached XP level 3. HP: 21/24 MP: 3/3
  1061 | D:1      | Found a faded altar of an unknown god.
  1407 | D:2      | Found a blossoming altar of Fedhas.
  1421 | D:1      | Reached XP level 4. HP: 27/29 MP: 4/4
  1478 | D:2      | Reached skill level 4 in Fighting
  1662 | D:2      | Noticed Terence
  1689 | D:1      | Mangled by Terence

Illustrated notes

Levels and vault maps discovered:
D:1:      psy_arrival_wood_between_worlds, layout_loops_ring,
          shapermc_ecumenical_altar_gd
D:2:      layout_basic, basic_altar, minmay_indecisive_spiral, uniq_natasha,
          uniq_terence

Skill      XL: |  1  2  3  4 |
---------------+-------------+-----
Fighting       | 4 |  4.0
Maces & Flails | |  2.8
Armour         | |  3.9
Shields        | |  3.9

Action                   |  1- 3 |  4- 6 || total
-------------------------+-------+-------++-------
Melee: Flail             |    81 |    29 ||   110
Armor: Scale mail        |    37 |    21 ||    58
Dodge: Dodged            |    19 |    13 ||    32
Block: Kite shield       |    45 |    12 ||    57

Table legend: (Time is in decaauts)
 A = Elapsed time spent in this place.
 B = Non-inter-level travel time spent in this place.
 C = Inter-level travel time spent in this place.
 D = Time resting spent in this place.
 E = Time spent auto-exploring this place.
 F = Levels seen in this place.
 G = Mean time per level.
                   A        B        C        D        E       F      G
               +--------+--------+--------+--------+--------+-----+--------+
         Total |   1747 |   1731 |     16 |    748 |    508 |   2 |  873.5 |
       Dungeon |   1747 |   1731 |     16 |    748 |    508 |   2 |  873.5 |
               +--------+--------+--------+--------+--------+-----+--------+

Top non-repeatable levels by time:
     D:1: 1501 daAuts
     D:2: 246 daAuts
